 Dungeon Crawl Stone Soup version 0.18-a0-1666-g3ea6f2b (webtiles) character file.

327846 ShittyPlayer the Executioner (level 20, 0/190 HPs)
             Began as a Demonspawn Berserker on Mar 31, 2016.
             Was the Champion of Trog.
             Killed from afar by a battlesphere (13 damage)
             ... created by a tengu reaver
             ... on level 5 of the Vaults.
             The game lasted 01:54:45 (35306 turns).

ShittyPlayer the Executioner (DsBe)                Turns: 35306, Time: 01:54:47

Health: 0/190      AC: 26    Str: 29    XL:     20   Next: 79%
Magic:  20/20      EV:  6    Int: 20    God:    Trog [******]
Gold:   1240       SH:  0    Dex: 13    Spells: 0 memorised, 19 levels left

rFire  + + .     SeeInvis .     s - +4 executioner's axe (elec)
rCold  + + .     Gourm    +     k - +6 gold dragon armour
rNeg   . . .     Faith    .     (shield currently unavailable)
rPois  +         Spirit   .     (helmet unavailable)
rElec  .         Dismiss  .     (no cloak)
rCorr  .         Reflect  .     h - +1 pair of gloves
SustAt .         Harm     .     M - +0 pair of boots
MR     +++..                    C - amulet of the gourmand
Stlth  ..........               V - ring of the Tortoise {rF+ Str+7 Int+5}
                                F - +3 ring of slaying

@: exhausted, corroded, regenerating, slowed, heavily drained, very slow,
extremely resistant to hostile enchantments, extremely unstealthy
A: horns 3, rugged brown scales 2, cold resistance 1, nightstalker 2, powered by
death 2, robust 1, screaming 1, strong 1, freezing cloud immunity
a: Berserk, Trog's Hand, Brothers in Arms, Burn Spellbooks, Renounce Religion
}: 2/15 runes: silver, gossamer


You were on level 5 of the Vaults.
You worshipped Trog.
Trog was exalted by your worship.
You were full.

You visited 5 branches of the dungeon, and saw 34 of its levels.
You also visited: Trove and Ossuary.

You collected 3472 gold pieces.
You spent 2232 gold pieces at shops.

Inventory:

Hand Weapons
 s - a +4 executioner's axe of electrocution (weapon)
 N - a +5 blowgun
Missiles
 U - 15 curare-tipped needles
Armour
 h - a +1 pair of gloves (worn)
 k - a +6 gold dragon armour (worn)
 M - a +0 pair of boots (worn)
Jewellery
 C - an amulet of the gourmand (around neck)
 F - a +3 ring of slaying (left hand)
 O - an uncursed ring of protection from magic
 V - the ring of the Tortoise (right hand) {rF+ Str+7 Int+5}
   (You bought it in a shop on level 6 of the Dungeon)

   [ring of intelligence]

   It affects your strength (+7).
   It affects your intelligence (+5).
   It protects you from fire.
Wands
 x - a wand of disintegration (12/24)
 E - a wand of teleportation (5/9)
 I - a wand of hasting (1/9)
 Q - a wand of heal wounds (4/9)
 R - a wand of digging (6/24)
Scrolls
 d - 2 scrolls of enchant weapon
 e - 14 scrolls of teleportation
 f - 9 scrolls of identify
 g - 12 scrolls of remove curse
 j - a scroll of blinking
 l - 3 scrolls of fear
 y - 7 scrolls of fog
 T - a scroll of silence
 W - 2 scrolls of recharging
 Y - a scroll of magic mapping
Potions
 m - 2 potions of invisibility
 r - 4 potions of might
 v - 5 potions of brilliance
 z - 5 potions of curing
 A - 11 potions of lignification
 D - 2 potions of agility
 G - 2 potions of flight
 H - 4 potions of haste
 J - 6 potions of resistance
 X - 2 potions of magic {unknown}
Books
 a - a Fen Folio

   Spells                             Type                      Level
   a - Corpse Rot                     Necromancy                   2
   b - Stone Arrow                    Conjuration/Earth            3
   c - Leda's Liquefaction            Hexes/Earth                  4
   d - Summon Forest                  Summoning/Translocation      5
   e - Hydra Form                     Transmutation                6
   f - Summon Hydra                   Summoning                    7
   Trog disapproves of the use of such an item.
 K - a book of Annihilations

   Spells                             Type                      Level
   a - Poison Arrow                   Conjuration/Poison           6
   b - Chain Lightning                Conjuration/Air              8
   c - Lehudib's Crystal Spear        Conjuration/Earth            8
   d - Glaciate                       Conjuration/Ice              9
   e - Fire Storm                     Conjuration/Fire             9
   Trog disapproves of the use of such an item.
 P - a book of Annihilations

   Spells                             Type                      Level
   a - Poison Arrow                   Conjuration/Poison           6
   b - Chain Lightning                Conjuration/Air              8
   c - Lehudib's Crystal Spear        Conjuration/Earth            8
   d - Glaciate                       Conjuration/Ice              9
   e - Fire Storm                     Conjuration/Fire             9
   Trog disapproves of the use of such an item.
 S - a Young Poisoner's Handbook

   Spells                             Type                      Level
   a - Sting                          Conjuration/Poison           1
   b - Cure Poison                    Poison                       2
   c - Mephitic Cloud                 Conjuration/Poison/Air       3
   d - Olgreb's Toxic Radiance        Poison                       4
   e - Venom Bolt                     Conjuration/Poison           5
   Trog disapproves of the use of such an item.
Miscellaneous
 L - 3 phantom mirrors
Comestibles
 c - 8 bread rations
 q - 32 fruits
 t - 2 royal jellies
 u - 11 beef jerkies
 w - 12 meat rations
 B - 7 slices of pizza


   Skills:
 + Level 16.4(13.8) Fighting
 + Level 25.3(22.2) Axes
 + Level 14.8(12.3) Armour
 - Level 1.7(0.0) Dodging


You had 19 spell levels left.
You didn't know any spells.

Dungeon Overview and Level Annotations

Branches:
Dungeon (15/15)            Temple (0/1) D:6            Lair (8/8) D:11
 Shoals (0/4) Lair:4       Spider (4/4) Lair:4        Slime (0/6) Lair:6
    Orc (2/2) D:12            Elf (0/3) Orc:2        Vaults (5/5) D:13
  Crypt (0/3) Vaults:2     Depths (0/5) D:15

Altars:
Ashenzari
Dithmenos
Gozag
Kikubaaqudgha
Makhleb
Ru
Vehumet
Yredelemnul
Beogh

Shops:
D:6 :%=[   D:7 :   D:9 !   Orc:1 (   Orc:2 :?:!   Vaults:2 (


Innate Abilities, Weirdness & Mutations

You have a pair of large horns on your head.
You are mostly covered in rugged brown scales (AC +2, +5% HP).
Your flesh is cold resistant.
You are significantly more attuned to the shadows.
You regenerate health from kills.
You are immune to freezing clouds.
You are robust (+10% HP).
You occasionally shout uncontrollably at your foes.
Your muscles are strong. (Str +2)


Message History

You feel less regenerative.
You start resting.
A tengu reaver comes into view.
It is wielding a long sword of holy wrath.
Your skin crawls.
You feel resistant to hostile enchantments.
You feel slightly less full.
The tengu reaver casts a spell.
The tengu reaver conjures a globe of magical energy!
A battlesphere comes into view.
The tengu reaver hits you but does no damage.
The tengu reaver pecks you but does no damage.
The tengu reaver claws you but does no damage.
The tengu reaver blocks your attack. The tengu reaver casts a spell at you.
The bolt of acid hits you!
* * * LOW HITPOINT WARNING * * *
The acid corrodes you!
The acid burns!
* * * LOW HITPOINT WARNING * * *
The battlesphere fires!
The barrage of energy hits you!
You die...

...###.###...#....##
..##.....##..##...# .
#.......#...##.)## .
##...(/..##.. #...#
..##....)....##..##..#
.....)..(........(..#
.##....//}..##..##..#
##....)..##.. #.(.#
#@Q.....#.. ##.)##
##*....##. ##.).#
###.### #....## ....
##).(..# ....
##......# #....(..#
....(....# ...##.....
### ####.†


You could see a tengu reaver and a battlesphere.

Vanquished Creatures
  Sojobo (Vaults:3)
  Boris (twice) (Vaults:3 Vaults:4)
  Margery (Vaults:3)
  Rupert (D:13)
  A tentacled monstrosity (Vaults:5)
  A titan (Vaults:5)
  A quicksilver dragon (Vaults:5)
  Asterion (Spider:3)
  A sphinx (Vaults:4)
  4 shadow dragons
  2 storm dragons
  Kirke (Spider:3)
  2 fire giants (Vaults:4)
  2 tengu reavers (Vaults:3)
  Wiglaf (Vaults:3)
  Maud (Lair:3)
  11 vault wardens
  5 emperor scorpions
  Donald (D:13)
  A frost giant (Vaults:5)
  An orc warlord (Orc:2)
  4 ghost moths
  2 deep elf elementalists (Vaults:5)
  10 ironheart preservers
  An iron dragon (Vaults:5)
  2 war gargoyles
  5 very ugly things
  10 stone giants
  2 deep elf demonologists
  Azrael (D:13)
  2 salamander stormcallers
  2 spark wasps
  4 deep elf annihilators
  5 ettins
  3 deep elf death magi
  28 vault guards
  Snorg (Lair:6)
  4 fire dragons
  2 great orbs of eyes
  A deep elf high priest (Vaults:4)
  An entropy weaver (Spider:2)
  10 yaktaur captains
  8 hydras
  5 ice dragons
  9 ogre magi
  4 catoblepae
  12 death yaks (Lair:8)
  7 centaur warriors
  A deep troll shaman (Vaults:4)
  6 tengu warriors
  2 deep troll earth magi (Vaults:4)
  Urug (Lair:4)
  Sonja (Lair:4)
  3 hell knights (Vaults:3)
  4 deep elf knights
  2 shadow wraiths
  11 slime creatures
  3 wizards
  A skeletal warrior (D:13)
  2 fire crabs (shapeshifter)
  The ghost of Kidiri the Thaumaturge, a novice DEFE of Vehumet (D:9)
  2 giant orange brains
  The ghost of ShittyPlayer the Martial Artist, a novice DsBe of Trog (D:7)
  A flayed ghost (Vaults:2)
  3 unseen horrors
  10 hill giants
  9 deep trolls
  3 phantasmal warriors
  9 deep elf archers
  A harpy (shapeshifter) (Vaults:4)
  14 ironbrand convokers
  19 orb spiders
  A wolf spider zombie (D:15)
  15 orc knights
  18 deep elf magi
  6 griffons
  4 necromancers
  4 manticores
  8 cyclopes
  3 salamanders (Vaults:4)
  19 wolf spiders
  4 orc sorcerers
  35 ugly things
  8 hornets
  A moth of wrath (Spider:2)
  2 sirens (Lair:4)
  A guardian serpent (shapeshifter) (Vaults:4)
  4 black mambas
  A black mamba (shapeshifter) (Vaults:4)
  14 vault sentinels
  4 torpor snails
  3 gargoyles (D:12)
  10 spiny frogs
  2 rime drakes (Lair:4)
  13 demonic crawlers
  4 komodo dragons
  4 freezing wraiths
  3 kobold demonologists
  35 yaktaurs
  A tengu conjurer (D:13)
  9 trolls
  A troll (shapeshifter) (Vaults:4)
  25 jumping spiders
  2 merfolk (Lair:4)
  A wind drake (shapeshifter) (Vaults:4)
  19 two-headed ogres
  30 blink frogs
  9 boulder beetles
  A snapping turtle (Lair:4)
  72 redbacks
  A shadow (D:15)
  27 tarantellas
  3 wyverns
  17 humans
  A yak (shapeshifter) (Vaults:1)
  56 yaks
  A hippogriff (shapeshifter) (Vaults:4)
  6 basilisks
  3 fire elementals (D:13)
  5 hogs (Spider:3)
  13 vampire mosquitoes
  9 hippogriffs
  3 hungry ghosts
  6 wargs
  A yaktaur simulacrum (Vaults:1)
  An insubstantial wisp (Lair:7)
  2 soldier ants
  3 mottled dragons
  4 hell hounds
  21 water moccasins
  60 orc warriors
  9 porcupines
  Purgy (D:3)
  2 black bears
  5 ice beasts
  3 necrophages
  42 ogres
  3 sky beasts
  2 phantoms
  A wasp (Spider:4)
  11 wolves (Lair:4)
  An ogre (shapeshifter) (D:15)
  10 crocodiles
  33 centaurs
  A crocodile (shapeshifter) (Vaults:1)
  3 big kobolds
  18 giant frogs
  A big kobold (shapeshifter) (Vaults:1)
  3 water moccasin zombies (Ossuary)
  A wyvern skeleton (D:13)
  A scorpion (D:11)
  13 wights
  3 electric eels
  2 howler monkeys
  A lava snake (Lair:5)
  9 crimson imps
  3 quasits
  A centaur zombie (D:7)
  10 jellies
  3 centaur skeletons
  20 orc priests
  5 hounds
  2 giant frog skeletons
  11 iguanas
  Ijyb (D:3)
  Natasha (thrice) (D:2)
  29 orc wizards
  13 worker ants
  A killer bee zombie (D:10)
  19 sheep
  2 big kobold zombies (Ossuary)
  A hound zombie (D:10)
  A hound skeleton (D:8)
  2 mummies (Ossuary)
  A worker ant zombie (D:7)
  Robin (D:3)
  6 gnolls
  17 river rats
  9 adders
  2 shadow imps
  3 white imps (Lair:6)
  2 oozes (Lair:6)
  7 adder zombies
  A worm (D:3)
  2 dart slugs (D:3)
  2 giant geckos
  92 orcs
  10 giant cockroaches
  8 hobgoblins
  21 jackals
  2 quokkas
  9 bats
  6 giant newts
  2 gnoll zombies (Ossuary)
  19 goblins
  7 hobgoblin zombies (Ossuary)
  22 kobolds
  5 kobold zombies (Ossuary)
  5 orc zombies (Ossuary)
  2 quokka skeletons
  8 rats
  2 crawling corpses (Vaults:4)
  8 fungi
  4 plants
1527 creatures vanquished.

Vanquished Creatures (collateral kills)
  A shadow dragon (Vaults:2)
  A vault warden (Vaults:4)
  A ghost moth (Spider:4)
  An ironheart preserver (Vaults:2)
  A very ugly thing (Vaults:2)
  A yaktaur captain (Vaults:4)
  A deep troll shaman (Vaults:2)
  A deep troll (Vaults:2)
  An orb spider (Spider:4)
  An ugly thing (Vaults:2)
  2 hornets (Spider:4)
  A vault sentinel (Vaults:2)
  A moth of wrath (Spider:2)
  A yaktaur (Vaults:4)
  2 slime creatures (Vaults:2)
  A hungry ghost (D:6)
  3 ogres
  2 sheep (Vaults:2)
  7 goblins (D:6)
30 creatures vanquished.

Vanquished Creatures (others)
  A deep elf annihilator (Vaults:5)
  A deep elf knight (Vaults:2)
  A tarantella (Spider:4)
  An orc (Orc:1)
  14 fungi
  4 plants (Lair:8)
22 creatures vanquished.

Grand Total: 1579 creatures vanquished

Notes
Turn   | Place    | Note
--------------------------------------------------------------
     0 | D:1      | ShittyPlayer the Demonspawn Berserker began the quest for the Orb.
     0 | D:1      | Reached XP level 1. HP: 18/18 MP: 1/1
    52 | D:1      | Reached skill level 3 in Axes
   110 | D:1      | Gained mutation: You have a pair of small horns on your head. [demonic ancestry]
   110 | D:1      | Reached XP level 2. HP: 6/24 MP: 2/2
   759 | D:1      | Reached ** piety under Trog
  1007 | D:1      | Reached XP level 3. HP: 27/29 MP: 3/3
  1139 | D:2      | Found a faded altar to an unknown god.
  1146 | D:2      | Reached skill level 4 in Axes
  1220 | D:2      | Found an opulent altar of Gozag.
  1340 | D:2      | Found a sacrificial altar of Ru.
  1340 | D:2      | Found a basalt altar of Yredelemnul.
  1348 | D:2      | Found a radiant altar of Vehumet.
  1412 | D:2      | Noticed Natasha
  1423 | D:2      | Killed Natasha
  1423 | D:2      | Reached XP level 4. HP: 19/35 MP: 4/4
  1435 | D:2      | Found a burning altar of Makhleb.
  1609 | D:2      | Noticed Natasha
  1612 | D:2      | Killed Natasha
  1895 | D:2      | Noticed Natasha
  1901 | D:2      | Killed Natasha
  1901 | D:2      | Reached skill level 5 in Axes
  2229 | D:2      | Reached XP level 5. HP: 41/41 MP: 5/5
  2323 | D:3      | Noticed Purgy
  2333 | D:3      | Killed Purgy
  2372 | D:3      | Noticed Ijyb
  2372 | D:3      | Reached *** piety under Trog
  2372 | D:3      | Reached skill level 6 in Axes
  2379 | D:3      | Paralysed by Ijyb for 7 turns
  2386 | D:3      | Killed Ijyb
  2414 | D:3      | Noticed Robin
  2419 | D:3      | Reached XP level 6. HP: 47/47 MP: 6/6
  2424 | D:3      | Killed Robin
  3175 | D:3      | Reached **** piety under Trog
  3728 | D:4      | Found a sand-covered staircase.
  3785 | Ossuary  | Entered an ossuary
  3820 | Ossuary  | Reached skill level 7 in Axes
  3835 | Ossuary  | Reached XP level 7. HP: 28/52 MP: 7/7
  4157 | Ossuary  | Gained mutation: Your natural rate of healing is unusually fast. [potion of mutation]
  4157 | Ossuary  | Gained mutation: Your body sometimes deteriorates upon taking damage. [potion of mutation]
  4157 | Ossuary  | Gained mutation: You have supernaturally acute eyesight. [potion of mutation]
  4215 | Ossuary  | Gained mutation: Your skin changes colour to match your surroundings (Stealth). [potion of beneficial mutation]
  4313 | D:4      | Found a shadowy altar of Dithmenos.
  4336 | D:4      | Reached skill level 8 in Axes
  4508 | D:5      | Entered Level 5 of the Dungeon
  4868 | D:5      | Reached skill level 9 in Axes
  4868 | D:5      | Gained mutation: You are partially covered in rugged brown scales (AC +1, +3% HP). [demonic ancestry]
  4868 | D:5      | Reached XP level 8. HP: 47/59 MP: 8/8
  5193 | D:6      | Found Bizumyhi's Food Emporium.
  5255 | D:6      | Found Saux's Book Emporium.
  5278 | D:6      | Found Biequr Kaig's Jewellery Boutique.
  5308 | D:6      | Found a staircase to the Ecumenical Temple.
  5567 | D:6      | Found Ijudex's Armour Shoppe.
  5570 | D:6      | Reached skill level 10 in Axes
  5814 | D:7      | Found Gyagik's Book Shop.
  6002 | D:7      | Reached skill level 11 in Axes
  6002 | D:7      | Reached XP level 9. HP: 39/64 MP: 9/9
  6058 | D:7      | Reached ***** piety under Trog
  6096 | D:7      | Noticed ShittyPlayer's ghost (novice DsBe)
  6109 | D:7      | Killed ShittyPlayer's ghost
  6240 | D:7      | Reached skill level 12 in Axes
  6819 | D:8      | Found an ancient bone altar of Kikubaaqudgha.
  6887 | D:8      | Gained mutation: You are slightly more attuned to the shadows. [demonic ancestry]
  6887 | D:8      | Reached XP level 10. HP: 71/74 MP: 10/10
  7373 | D:9      | Found Beittot's Distillery.
  7775 | D:9      | Received a gift from Trog
  7934 | D:9      | Reached skill level 5 in Fighting
  7995 | D:9      | Noticed Kidiri's ghost (novice DEFE)
  8015 | D:9      | Killed Kidiri's ghost
  8015 | D:9      | Reached skill level 13 in Axes
  8473 | D:10     | Entered Level 10 of the Dungeon
  9010 | D:10     | Noticed a sun demon
  9208 | D:11     | Found a staircase to the Lair.
  9238 | D:11     | Reached ****** piety under Trog
  9244 | D:11     | Received a gift from Trog
  9247 | D:11     | Got a jewelled glaive {god gift}
  9248 | D:11     | Identified the +12 glaive "Qann" {elec, rPois Dex+4} (Trog gifted it to you on level 11 of the Dungeon)
  9261 | D:11     | Reached skill level 5 in Armour
  9449 | D:11     | Noticed a hill giant
  9456 | D:11     | Killed a hill giant
  9456 | D:11     | Gained mutation: You are mostly covered in rugged brown scales (AC +2, +5% HP). [demonic ancestry]
  9456 | D:11     | Reached XP level 11. HP: 65/87 MP: 11/11
  9465 | D:11     | Noticed a seven-headed hydra
  9476 | D:11     | Killed a nine-headed hydra
  9945 | Lair:1   | Entered Level 1 of the Lair of Beasts
  9948 | Lair:1   | Noticed a seven-headed hydra
 10068 | Lair:1   | Killed a nine-headed hydra
 10068 | Lair:1   | Reached skill level 14 in Axes
 11562 | Lair:2   | Reached skill level 15 in Axes
 12212 | D:6      | Bought the ring of the Tortoise {rF+ Str+7 Int+5} for 908 gold pieces
 12531 | Lair:3   | Noticed a griffon
 12545 | Lair:3   | Killed a griffon
 12556 | Lair:3   | Gained mutation: You regenerate a little health from kills. [demonic ancestry]
 12556 | Lair:3   | Reached XP level 12. HP: 26/95 MP: 12/12
 13034 | Lair:3   | Received a gift from Trog
 13119 | Lair:3   | Noticed Maud
 13129 | Lair:3   | Killed Maud
 13401 | Lair:4   | Noticed an eight-headed hydra
 13413 | Lair:4   | Killed an 11-headed hydra
 13413 | Lair:4   | Reached skill level 16 in Axes
 13566 | Lair:4   | Found a staircase to the Shoals.
 13605 | Lair:4   | Noticed Urug
 13608 | Lair:4   | Noticed Sonja
 14094 | Lair:4   | Killed Urug
 14407 | Lair:4   | Found a hole to the Spider Nest.
 14778 | Lair:4   | Reached skill level 17 in Axes
 14793 | Lair:4   | Killed Sonja
 15189 | Lair:5   | Received a gift from Trog
 15355 | Lair:5   | Gained mutation: You regenerate health from kills. [demonic ancestry]
 15355 | Lair:5   | Reached XP level 13. HP: 89/100 MP: 4/13
 15445 | Lair:5   | Identified a scroll of acquirement
 15868 | Lair:6   | Noticed Snorg
 15879 | Lair:6   | Killed Snorg
 15911 | Lair:6   | Found a staircase to the Slime Pits.
 16676 | Lair:7   | Reached skill level 18 in Axes
 17053 | Lair:7   | Received a gift from Trog
 17680 | Lair:8   | Entered Level 8 of the Lair of Beasts
 17962 | Lair:8   | Reached skill level 19 in Axes
 18254 | Lair:8   | Reached XP level 14. HP: 108/108 MP: 14/14
 18363 | Lair:8   | Received a gift from Trog
 18533 | Lair:8   | Reached skill level 20 in Axes
 19105 | D:12     | Found a shattered altar of Ashenzari.
 19617 | D:12     | Found a staircase to the Orcish Mines.
 19719 | Orc:1    | Entered Level 1 of the Orcish Mines
 19804 | Orc:1    | Found Hacidatt's Weapon Shoppe.
 19904 | Orc:2    | Entered Level 2 of the Orcish Mines
 19916 | Orc:2    | Received a gift from Trog
 20003 | Orc:2    | Found a roughly hewn altar of Beogh.
 20079 | Orc:2    | Found Wikunog's Book Shoppe.
 20079 | Orc:2    | Found Xizijiapn's Magic Scroll Shop.
 20088 | Orc:2    | Found Peirphuca's Book Boutique.
 20105 | Orc:2    | Found Weng's Distillery.
 20155 | Orc:2    | Bought 2 potions of haste for 280 gold pieces
 20288 | Orc:2    | Noticed an orc warlord
 20311 | Orc:2    | Killed an orc warlord
 20426 | Orc:2    | Found a staircase to the Elven Halls.
 20761 | Orc:1    | Found a roughly hewn altar of Beogh.
 20764 | Orc:1    | Received a gift from Trog
 20767 | Orc:1    | Got a faintly glowing battleaxe {god gift}
 20768 | Orc:1    | Identified the +3 battleaxe of Doubt {chop, MR+ Int+6 Stlth+} (Trog gifted it to you on level 1 of the Orcish Mines)
 20934 | Orc:1    | Reached skill level 21 in Axes
 21206 | D:13     | Found a gate to the Vaults.
 21206 | D:13     | Noticed Rupert
 21206 | D:13     | Noticed Donald
 21220 | D:13     | Killed Donald
 21223 | D:13     | Gained mutation: Your flesh is cold resistant. [demonic ancestry]
 21223 | D:13     | Reached XP level 15. HP: 113/113 MP: 15/15
 21237 | D:13     | Killed Rupert
 21593 | D:13     | Noticed Azrael
 21612 | D:13     | Killed Azrael
 21615 | D:13     | Received a gift from Trog
 22381 | D:14     | Reached skill level 22 in Axes
 22569 | D:15     | Entered Level 15 of the Dungeon
 22651 | D:15     | Got a ring of the Octopus King
 22901 | D:15     | Identified a ring of the Octopus King {SustAt AC+1 EV+1 Str+1 Int+1 Dex+1} (You took it off a centaur on level 15 of the Dungeon)
 22954 | D:15     | Received a gift from Trog
 23042 | D:15     | Found a portal to a secret trove of treasure.
 23345 | D:15     | Found a staircase to the Depths.
 23719 | Spider:1 | Entered Level 1 of the Spider Nest
 24134 | D:6      | Bought a +1 gold dragon armour for 1044 gold pieces
 24454 | Spider:1 | Reached XP level 16. HP: 101/120 MP: 16/16
 24755 | Spider:1 | Received a gift from Trog
 25755 | Spider:3 | Reached skill level 23 in Axes
 25781 | Spider:3 | Noticed Asterion
 26003 | Spider:3 | Killed Asterion
 26048 | Spider:3 | Received a gift from Trog
 26628 | Spider:3 | Noticed Kirke
 26992 | Spider:3 | Killed Kirke
 27142 | Spider:4 | Entered Level 4 of the Spider Nest
 27516 | Spider:4 | Received a gift from Trog
 27901 | Spider:4 | Reached skill level 10 in Fighting
 27998 | Spider:4 | Gained mutation: You have a pair of horns on your head. [demonic ancestry]
 27998 | Spider:4 | Reached XP level 17. HP: 131/134 MP: 17/17
 28123 | Spider:4 | Received a gift from Trog
 28160 | Spider:4 | Got a gossamer rune of Zot
 28546 | Vaults:1 | Entered Level 1 of the Vaults
 28924 | Vaults:1 | Reached skill level 10 in Armour
 28962 | Vaults:1 | Received a gift from Trog
 30219 | Vaults:2 | Received a gift from Trog
 30263 | Vaults:2 | Noticed an Ice Fiend
 30265 | Vaults:2 | Gained mutation: You are significantly more attuned to the shadows. [demonic ancestry]
 30265 | Vaults:2 | Reached XP level 18. HP: 145/147 MP: 18/18
 30269 | Vaults:2 | Noticed a Brimstone Fiend
 30284 | Vaults:2 | Lost mutation: Your natural rate of healing is unusually fast. [potion of cure mutation]
 30284 | Vaults:2 | Lost mutation: Your body sometimes deteriorates upon taking damage. [potion of cure mutation]
 30284 | Vaults:2 | Lost mutation: You have supernaturally acute eyesight. [potion of cure mutation]
 30285 | Vaults:2 | Gained mutation: You are frail (-10% HP). [potion of mutation]
 30285 | Vaults:2 | Gained mutation: Your flesh is very cold resistant. [potion of mutation]
 30285 | Vaults:2 | Gained mutation: Potions and wands are less effective at restoring your health. [potion of mutation]
 30286 | Vaults:2 | Lost mutation: Your flesh is very cold resistant. [potion of cure mutation]
 30286 | Vaults:2 | Lost mutation: You are frail (-10% HP). [potion of cure mutation]
 30286 | Vaults:2 | Lost mutation: Your skin changes colour to match your surroundings (Stealth). [potion of cure mutation]
 30287 | Vaults:2 | Gained mutation: Your muscles are strong. (Str +2) [potion of mutation]
 30287 | Vaults:2 | Gained mutation: You are robust (+10% HP). [potion of mutation]
 30287 | Vaults:2 | Lost mutation: Potions and wands are less effective at restoring your health. [potion of mutation]
 30919 | Vaults:2 | Found a staircase to the Crypt.
 30995 | Vaults:2 | Found Ywo Esag's Antique Weapon Boutique.
 31418 | Vaults:2 | Received a gift from Trog
 31546 | Vaults:3 | Reached skill level 24 in Axes
 31619 | Vaults:3 | Noticed Wiglaf
 31628 | Vaults:3 | Killed Wiglaf
 31656 | Vaults:3 | Noticed Sojobo
 31674 | Vaults:3 | Killed Sojobo
 31882 | Vaults:3 | Paralysed by an orc sorcerer for 5 turns
 32118 | Vaults:3 | Noticed Boris
 32133 | Vaults:3 | Killed Boris
 32163 | Vaults:3 | Received a gift from Trog
 32302 | Vaults:3 | Noticed Margery
 32323 | Vaults:3 | Killed Margery
 32544 | D:15     | You paid a toll of a +5 demon blade to enter a treasure trove
 32545 | Trove    | Entered a treasure trove
 33105 | Vaults:3 | Gained mutation: You have a pair of large horns on your head. [demonic ancestry]
 33105 | Vaults:3 | Reached XP level 19. HP: 158/173 MP: 19/19
 33358 | Vaults:4 | Received a gift from Trog
 34188 | Vaults:4 | Reached skill level 15 in Fighting
 34252 | Vaults:4 | Received a gift from Trog
 34739 | Vaults:5 | Entered Level 5 of the Vaults
 34739 | Vaults:5 | Noticed Boris
 34750 | Vaults:5 | Gained mutation: You are immune to freezing clouds. [demonic ancestry]
 34750 | Vaults:5 | Reached XP level 20. HP: 172/186 MP: 20/20
 34766 | Vaults:5 | Received a gift from Trog
 34766 | Vaults:5 | Reached skill level 25 in Axes
 34777 | Vaults:4 | Killed Boris
 35210 | Vaults:5 | Got a silver rune of Zot
 35273 | Vaults:5 | Paralysed by a sphinx for 2 turns
 35282 | Vaults:5 | Gained mutation: You occasionally shout uncontrollably at your foes. [a cacodemon]
 35282 | Vaults:5 | HP: 12/285 [Executioner/nerve-wracking pain[a giant orange brain] (14)]
 35306 | Vaults:5 | Killed from afar by a battlesphere

Vault maps used:
D:1:      dpeg_arrival_subterranean_lakeside_camping
D:2:      nicolae_overflow_hidden_temple, lemuel_coloured_pillars_altar,
          ecumenical_altar_1, uniq_natasha
D:3:      minmay_door_path, uniq_robin, uniq_iyjb, uniq_purgy
D:4:      grunt_dithmenos_shadows, first_bread, nicolae_ossuary_entry_ruins
D:5:      serial_bayou_pond_d
D:6:      minmay_temple_entry_purple_smoke, serial_shops,
          nicolae_shop_scaring_up_business, nicolae_shop_stone, shop_statue,
          shop, minmay_ogre_servants
D:7:      lemuel_upstairs_altar, serial_shops, shop, grunt_livestock,
          lightli_minifort
D:8:      lemuel_doored_altar
D:9:      serial_shops, shop_coins, minmay_liquid_box
D:11:     lair_0_dummy, minmay_gold_behind_fungi
D:12:     orc_0_dummy, evilmike_ruin_ashenzari
D:13:     david_vaults_3, uniq_azrael
D:14:     minivault_23
D:15:     grunt_enter_depths_hoard, nicolae_trove_entry_columns,
          minmay_door_square, uniq_rupert
Lair:3:   infiniplex_staircase_pool, uniq_maud
Lair:4:   elwin_shoals_entry_stream, nicolae_spider_entry_orb_guardian,
          grunt_megastairs_3, lemuel_fruit_tree, uniq_sonja, uniq_urug
Lair:5:   lemuel_fruit_fields, bh_autumn_forest_stairs
Lair:6:   nicolae_slime_entry_slimehenge, bobbens_ice_dragon_lair, uniq_snorg
Lair:7:   pond, serial_bayou_shore_b
Lair:8:   evilmike_catoblepas_cave
Spider:3: uniq_kirke, uniq_asterion
Spider:4: spider_rune_water
Orc:1:    basic_altar, serial_shops, nicolae_shop_trees, rock_pile
Orc:2:    st_orc_rangers, basic_altar
Vaults:1: v_rooms_2, vaults_room_corners, vaults_room_ringed_pool,
          hangedman_vaults_nodes, v_misc_5, nicolae_vaults_shelves_hall,
          vaults_standard_mumra_enter_the_diamond, vaults_room_stairs_pillars,
          v_misc_27, vaults_dpeg_ring
Vaults:2: minmay_crypt_entry_nasty_monster, vaults_dpeg_encased_lava,
          grunt_vaults_diagonal, nicolae_vaults_little_squares_6,
          vaults_dpeg_doors, hangedman_vaults_corner_blocks, v_misc_30,
          v_misc_4, v_misc_29, serial_shops, shop
Vaults:3: v_rooms_3, v_misc_8, vaults_room_pool, v_misc_27, v_rooms_6,
          v_misc_11, hangedman_vaults_capsules, hangedman_vaults_nails,
          nicolae_vaults_theta, ontoclasm_vaults_loading_screen,
          vaults_room_large_hall, v_misc_19, vaults_dpeg_diagonal, uniq_donald,
          uniq_sojobo, uniq_wiglaf, uniq_boris, uniq_margery
Vaults:4: ontoclasm_vaults_ring_square, vaults_mumra_hexcomb, vaults_room_pool,
          v_misc_10, nicolae_vaults_little_squares_5,
          dpeg_vaults_pockets_of_resistance, ontoclasm_vaults_eye, v_misc_23,
          v_alt_pattern_2, nicolae_vaults_big_ls, dpeg_vaults_monster_box,
          nicolae_vaults_theta, grunt_vaults_hallway_short
Vaults:5: uniq_boris
Trove:    trove_wands_scrolls
Ossuary:  ossuary_tomb_2

Skill      XL: |  1  2  3  4  5  6  7  8  9 10 11 12 13 14 15 16 17 18 19 20 |
---------------+-------------------------------------------------------------+-----
Axes           | 3 4 5 6 7 9 11 12 13 15 17 19 21 22 23 24 25 | 25.3
Armour         | 3 5 6 9 10 12 13 14 | 14.8
Fighting       | 4 6 7 10 12 13 15 16 | 16.4
Dodging        | |  1.7

Action                   |  1- 3 |  4- 6 |  7- 9 | 10-12 | 13-15 | 16-18 | 19-21 || total
-------------------------+-------+-------+-------+-------+-------+-------+-------++-------
Melee: Hand axe          |   114 |   196 |       |       |       |       |       ||   310
       War axe           |       |    41 |   373 |   250 |       |       |       ||   664
       Battleaxe         |       |       |       |   461 |  1301 |    45 |       ||  1807
       Executioner's axe |       |       |       |       |       |  1078 |   458 ||  1536
       Demon blade       |       |       |       |       |       |     2 |       ||     2
Invok: Berserk           |     1 |     2 |     3 |     8 |    14 |     5 |     3 ||    36
       Brothers in Arms  |       |       |     1 |     2 |       |     4 |     3 ||    10
       Burn Spellbooks   |       |       |       |     2 |       |       |       ||     2
       Trog's Hand       |       |       |       |       |     3 |     2 |     4 ||     9
Evoke: Wand              |       |       |     1 |     2 |     3 |       |    11 ||    17
  Use: Scroll            |       |     7 |     4 |     4 |    13 |    14 |     7 ||    49
       Potion            |       |     1 |    12 |     4 |     6 |     7 |    12 ||    42
 Stab: Sleeping          |     1 |       |       |       |       |       |       ||     1
       Paralysed         |       |       |     1 |     2 |     3 |       |       ||     6
       Petrified         |       |       |       |       |     2 |       |       ||     2
       Distracted        |       |       |       |       |       |     3 |       ||     3
  Eat: Chunk             |     3 |    10 |    10 |    40 |    65 |    15 |     7 ||   150
       Bread ration      |       |       |     2 |     2 |     1 |     3 |     1 ||     9
       Meat ration       |       |       |       |     1 |       |       |       ||     1
       Fruit             |       |       |       |       |     1 |       |       ||     1
       Royal jelly       |       |       |       |       |       |     1 |       ||     1
       Pizza             |       |       |       |       |       |       |     2 ||     2
       Beef jerky        |       |       |       |       |       |       |     1 ||     1
